 Dungeon Sprint DCSS version 0.19-a0-895-gdbd5520 (webtiles) character file.

22084 LORDOFBUTT the Bludgeoner (level 12, -2/189 HPs)
             Began as a Minotaur Fighter on July 4, 2016.
             Was an Initiate of Gozag.
             Slain by a fire dragon (6 damage)
             ... in the Dungeon (Sprint IX: "|||||||||||||||||||||||||||||").
             The game lasted 00:09:04 (3824 turns).

LORDOFBUTT the Bludgeoner (Minotaur Fighter)        Turns: 3824, Time: 00:09:05

Health: -2/189     AC: 23    Str: 30    XL:     12   Next: 59%
Magic:  11/11      EV: 20    Int:  8    God:    Gozag
Gold:   2824       SH: 18    Dex: 14    Spells: 0 memorised, 11 levels left

rFire  . . .     SeeInvis .     r - +2 morningstar (protect)
rCold  . . .     Gourm    .     B - +2 swamp dragon armour
rNeg   . . .     Faith    .     c - +2 shield
rPois  +         Spirit   .     (helmet restricted)
rElec  .         Dismiss  .     h - +2 cloak
rCorr  .         Reflect  .     w - +0 pair of gloves
SustAt .         Harm     .     (no boots)
MR     .....     NoTele   +     (no amulet)
Stlth  ..........               p - +3 ring of intelligence
                                q - +3 ring of strength

@: berserking, gold aura, very quick, not resistant to hostile enchantments,
extremely unstealthy
A: retaliatory headbutt, horns 2
a: Potion Petition, Call Merchant, Bribe Branch, Renounce Religion


You were in the Dungeon.
You worshipped Gozag.
Gozag was noncommittal.
You were not hungry.

You visited 1 branch You collected 2824 gold pieces.

Inventory:

Hand Weapons
 r - a +2 morningstar of protection (weapon)
Armour
 c - a +2 shield (worn)
 h - a +2 cloak (worn)
 w - a +0 pair of gloves (worn)
 B - a +2 swamp dragon armour (worn)
Jewellery
 j - an uncursed ring of protection from fire
 p - a +3 ring of intelligence (right hand)
 q - a +3 ring of strength (left hand)
 v - an uncursed ring of fire
 x - an uncursed ring of protection from fire
 y - an uncursed ring of magical power
Wands
 o - a wand of lightning (7/15)
Scrolls
 k - 2 scrolls of blinking
 m - 5 scrolls of remove curse
 n - 2 scrolls of amnesia
 s - a scroll of identify
 t - 3 scrolls of fog
Potions
 d - 2 potions of brilliance
 e - 7 potions of curing
 i - 4 potions of magic
 l - a potion of invisibility
Comestibles
 a - 13 bread rations
 f - 40 fruits
 u - 10 meat rations


   Skills:
 + Level 17.6 Fighting
 + Level 19.1 Maces & Flails
 + Level 13.9 Armour
 + Level 14.3 Dodging
 + Level 4.4 Stealth
 + Level 18.1 Shields


You had 11 spell levels left.
You didn't know any spells.

Dungeon Overview and Level Annotations

Branches:
Dungeon (1/1)

Altars:
Cheibriados
Dithmenos
Elyvilon
Fedhas
Gozag
Hepliaklqana
Kikubaaqudgha
Makhleb
Nemelex Xobeh
Okawaru
Pakellas
Qazlal
Ru
Sif Muna
Trog
Uskayaw
Vehumet
Xom
Yredelemnul
Zin
The Shining One
Beogh
Jiyva
Lugonu

Shops:
D (?*(


Innate Abilities, Weirdness & Mutations

You reflexively headbutt those who attack you in melee.
You have a pair of horns on your head.


Message History

You block the fire dragon's attack.
The fire dragon roars deafeningly!
You bludgeon the fire dragon!!
You kill the fire dragon!
The ogre mage is distracted by the nearby gold.
A wizard comes into view. It is wielding a dagger.
The wizard shouts!
The fire dragon is no longer distracted by gold.
You block the fire dragon's attack. The fire dragon completely misses you.
You block the fire dragon's attack.
You see here 23 gold pieces.
You bludgeon the fire dragon!!
The fire dragon is moderately wounded.
The vampire mage casts a spell.
You sock the fire dragon! You headbutt the fire dragon!
The fire dragon is heavily wounded.
The wizard is no longer distracted by gold.
You block the fire dragon's attack. The fire dragon claws you.
You die...
Your body crumbles into a pile of gold.

'.........'........(..)'...[[...'
▓▓▓▓▓▓▓▓▓▓▓▓▓▓▓▓▓▓▓▓▓▓▓▓▓▓▓▓▓▓▓▓▓
.................................
▓▓▓▓▓▓▓▓▓▓▓▓▓▓▓▓▓▓▓▓▓▓▓▓▓▓▓▓▓▓▓▓▓
))))))...'.....∩.∩)∩.∩.....'.....
▓▓▓▓▓▓▓▓▓▓▓▓▓▓▓▓▓▓▓▓▓▓▓▓▓▓▓▓▓▓▓▓▓
.[...)..)(((..(..(...............
▓▓▓▓▓▓▓▓▓▓▓▓▓▓▓▓▓▓▓▓▓▓▓▓▓▓▓▓▓▓▓▓▓
[.........($$$.$@DDpOVFp
▓▓▓▓▓▓▓▓▓▓▓▓▓▓▓▓▓▓▓▓▓▓▓▓


You could see a fire dragon, an ice dragon, an ogre mage, a vampire mage, 2
wizards and a giant frog.

Vanquished Creatures
  A stone giant (D)
  Josephine (D)
  A fire dragon (D)
  2 hydras (D)
  A catoblepas (D)
  A centaur warrior (D)
  An ogre mage (D)
  2 death yaks (D)
  An orc high priest (D)
  Urug (D)
  Sonja (D)
  An iron troll (D)
  4 deep trolls (D)
  2 hill giants (D)
  2 orc knights (D)
  A deep elf mage (D)
  A griffon (D)
  A cyclops (D)
  Maurice (D)
  2 spiny frogs (D)
  A kobold demonologist (D)
  A two-headed ogre (D)
  6 trolls (D)
  A slime creature (D)
  2 blink frogs (D)
  9 yaks (D)
  5 wraiths (D)
  Eustachio (D)
  A soldier ant (D)
  A water moccasin (D)
  2 porcupines (D)
  13 orc warriors (D)
  A wolf (D)
  A centaur (D)
  A crocodile (D)
  4 giant frogs (D)
  A howler monkey (D)
  A wight (D)
  2 crimson imps (D)
  6 orc priests (D)
  An iguana (D)
  A worker ant (D)
  A shadow imp (D)
  5 orcs (D)
  A goblin (D)
  A hobgoblin (D)
  2 jackals (D)
  A kobold (D)
  A bat (D)
  A giant gecko zombie (D)
  A jackal zombie (D)
104 creatures vanquished.

Vanquished Creatures (others)
  A spatial maelstrom (D)
1 creature vanquished.

Grand Total: 105 creatures vanquished

Notes
Turn   | Place    | Note
-------+----------+-------------------------------------------
     0 | D        | LORDOFBUTT the Minotaur Fighter began the quest for the Orb.
     0 | D        | Reached XP level 1. HP: 19/19 MP: 0/0
     0 | D        | Banished a spatial maelstrom
    17 | D        | Noticed a crimson imp
    17 | D        | Noticed a crimson imp
    17 | D        | Noticed a howler monkey
    35 | D        | Killed a crimson imp
    35 | D        | Reached skill level 5 in Fighting
    35 | D        | Reached skill level 3 in Maces & Flails
    35 | D        | Reached skill level 5 in Armour
    35 | D        | Reached skill level 1 in Dodging
    35 | D        | Reached skill level 5 in Shields
    35 | D        | Reached XP level 2. HP: 23/29 MP: 1/1
    35 | D        | Reached XP level 3. HP: 29/36 MP: 2/2
    44 | D        | Reached skill level 4 in Maces & Flails
    44 | D        | Reached XP level 4. HP: 31/44 MP: 3/3
    65 | D        | Found a glowing silver altar of Zin.
    65 | D        | Found a glowing golden altar of the Shining One.
    65 | D        | Found an ancient bone altar of Kikubaaqudgha.
    65 | D        | Found a basalt altar of Yredelemnul.
    65 | D        | Found a shimmering altar of Xom.
    65 | D        | Found a radiant altar of Vehumet.
    66 | D        | Found an iron altar of Okawaru.
    67 | D        | Found a burning altar of Makhleb.
    68 | D        | Found a deep blue altar of Sif Muna.
    69 | D        | Found a bloodstained altar of Trog.
    70 | D        | Found a sparkling altar of Nemelex Xobeh.
    71 | D        | Found a white marble altar of Elyvilon.
    72 | D        | Found a roughly hewn altar of Beogh.
    73 | D        | Found a viscous altar of Jiyva.
    74 | D        | Found a corrupted altar of Lugonu.
    75 | D        | Found a blossoming altar of Fedhas.
    76 | D        | Found a snail-covered altar of Cheibriados.
    77 | D        | Found a shadowy altar of Dithmenos.
    78 | D        | Found a stormy altar of Qazlal.
    79 | D        | Found an opulent altar of Gozag.
    80 | D        | Found a sacrificial altar of Ru.
    81 | D        | Found an oddly glowing altar of Pakellas.
    82 | D        | Found a hide-covered altar of Uskayaw.
    83 | D        | Found a hazy altar of Hepliaklqana.
    87 | D        | Became a worshipper of Gozag Ym Sagoz the Greedy
   208 | D        | Noticed a troll
   208 | D        | Noticed a centaur
   208 | D        | Noticed a yak
   216 | D        | Killed a troll
   216 | D        | Reached skill level 6 in Maces & Flails
   216 | D        | Reached skill level 5 in Dodging
   216 | D        | Reached XP level 5. HP: 35/56 MP: 4/4
   216 | D        | Reached XP level 6. HP: 39/62 MP: 5/5
   236 | D        | Killed a yak
   236 | D        | Reached skill level 7 in Maces & Flails
   236 | D        | Reached skill level 10 in Shields
   236 | D        | Reached XP level 7. HP: 35/70 MP: 6/6
   292 | D        | Noticed a slime creature
   292 | D        | Noticed a hill giant
   292 | D        | Noticed a kobold demonologist
   292 | D        | Noticed a yak
   296 | D        | Noticed a neqoxec
   298 | D        | Killed a slime creature
   298 | D        | Reached skill level 10 in Fighting
   298 | D        | Reached skill level 8 in Maces & Flails
   302 | D        | HP: 2/72 [hill giant/giant spiked club (9)]
   304 | D        | Killed a hill giant
   304 | D        | Reached skill level 9 in Maces & Flails
   304 | D        | Reached skill level 10 in Armour
   304 | D        | Reached XP level 8. HP: 2/81 MP: 7/7
   322 | D        | Killed a kobold demonologist
   322 | D        | Reached skill level 10 in Maces & Flails
   697 | D        | Noticed a spiny frog
   707 | D        | Killed a spiny frog
   710 | D        | Reached XP level 9. HP: 69/89 MP: 8/8
   717 | D        | Reached skill level 11 in Maces & Flails
   745 | D        | Reached skill level 1 in Stealth
   767 | D        | Noticed a spiny frog
   767 | D        | Noticed an eight-headed hydra
   767 | D        | Noticed a griffon
   767 | D        | Noticed a five-headed hydra
   775 | D        | Killed an eight-headed hydra
   775 | D        | Reached skill level 12 in Maces & Flails
   775 | D        | Reached skill level 10 in Dodging
   778 | D        | Killed a spiny frog
   780 | D        | Reached XP level 10. HP: 29/101 MP: 9/9
   786 | D        | Killed a griffon
   786 | D        | Reached skill level 13 in Maces & Flails
   797 | D        | Killed a five-headed hydra
  1152 | D        | Noticed a death yak
  1152 | D        | Noticed a death yak
  1160 | D        | Noticed a catoblepas
  1169 | D        | Killed a death yak
  1169 | D        | Reached skill level 14 in Maces & Flails
  1189 | D        | Killed a death yak
  1193 | D        | Killed a catoblepas
  1193 | D        | Reached skill level 15 in Maces & Flails
  1193 | D        | Reached XP level 11. HP: 41/111 MP: 10/10
  1522 | D        | Noticed Urug
  1535 | D        | Killed Urug
  1535 | D        | Reached skill level 15 in Shields
  1605 | D        | Noticed an orc high priest
  1625 | D        | Killed an orc high priest
  1625 | D        | Reached skill level 15 in Fighting
  1646 | D        | Reached skill level 16 in Maces & Flails
  1702 | D        | Noticed an orc knight
  1706 | D        | Noticed an orc knight
  1717 | D        | Killed an orc knight
  1734 | D        | Killed an orc knight
  2023 | D        | Found Batzukhl Sida's Antique Weapon Emporium.
  2023 | D        | Noticed an ogre mage
  2023 | D        | Noticed an iron troll
  2023 | D        | Noticed a deep troll
  2023 | D        | Noticed a stone giant
  2025 | D        | Reached skill level 17 in Maces & Flails
  2450 | D        | Killed an ogre mage
  2476 | D        | Killed an iron troll
  2546 | D        | Killed a deep troll
  2662 | D        | Killed a stone giant
  2830 | D        | Found Olairr's Magic Scroll Shoppe.
  2834 | D        | Found Linlumpoe's Assorted Antiques.
  2837 | D        | Found Xisatocu's Weapon Shoppe.
  2838 | D        | Noticed a deep troll
  2839 | D        | Noticed a deep troll
  2840 | D        | Noticed a hill giant
  2857 | D        | Noticed a deep troll
  2857 | D        | Killed a deep troll
  2857 | D        | Reached XP level 12. HP: 67/124 MP: 11/11
  2863 | D        | Reached skill level 18 in Maces & Flails
  3327 | D        | Noticed Sonja
  3335 | D        | Killed Sonja
  3518 | D        | Noticed Eustachio
  3520 | D        | Noticed Maurice
  3527 | D        | Killed Eustachio
  3535 | D        | Killed Maurice
  3577 | D        | Noticed Josephine
  3587 | D        | Killed Josephine
  3778 | D        | Noticed a centaur warrior
  3790 | D        | Noticed a fire dragon
  3790 | D        | Killed a centaur warrior
  3798 | D        | Noticed a fire dragon
  3803 | D        | Noticed an ice dragon
  3806 | D        | Noticed an ogre mage
  3810 | D        | Reached skill level 19 in Maces & Flails
  3811 | D        | Noticed a vampire mage
  3817 | D        | HP: 2/187 [fire dragon/blast of flame (29)]
  3821 | D        | Killed a fire dragon
  3824 | D        | Slain by a fire dragon

Vault maps used:
D:        linesprint

Skill      XL: |  1  2  3  4  5  6  7  8  9 10 11 12 |
---------------+-------------------------------------+-----
Fighting       | 5 6 8 9 10 11 13 14 16 17 | 17.6
Armour         | 5 6 8 9 10 11 12 13 | 13.9
Shields        | 5 6 9 10 11 12 13 14 16 18 | 18.1
Maces & Flails | 3 4 6 7 9 10 12 15 17 19 | 19.1
Dodging        | 1 2 5 6 8 9 10 12 13 14 | 14.3
Stealth        | 2 3 4 |  4.4

Action                   |  1- 3 |  4- 6 |  7- 9 | 10-12 || total
-------------------------+-------+-------+-------+-------++-------
Melee: Flail             |    34 |    37 |     2 |       ||    73
       Headbutt          |     8 |     7 |    20 |   107 ||   142
       Morningstar       |       |       |    74 |   338 ||   412
  Use: Potion            |       |     1 |     4 |     8 ||    13
       Scroll            |       |       |     1 |     5 ||     6
 Stab: Distracted        |       |       |     2 |     2 ||     4
  Eat: Bread ration      |       |       |       |     1 ||     1
       Meat ration       |       |       |       |     2 ||     2
Armor: Scale mail        |    17 |    10 |    19 |    51 ||    97
       Swamp dragon armo |       |       |       |     6 ||     6
Dodge: Dodged            |    10 |    12 |    27 |    86 ||   135
Block: Shield            |    20 |    19 |    47 |   181 ||   267
